 Dungeon Crawl Stone Soup version 0.30.2 (webtiles) character file.

Game seed: 620641428677037035

107 porpoise the Poker (level 4, -3/35 HPs)
             Began as a Demonspawn Gladiator on Mar 30, 2024.
             Killed from afar by Jessica (14 damage)
             ... with a bolt of light
             ... on level 3 of the Dungeon.
             The game lasted 00:05:03 (1418 turns).

porpoise the Poker (Demonspawn Gladiator)           Turns: 1418, Time: 00:05:04

Health: -3/35      AC:  7    Str: 16    XL:     4   Next: 57%
Magic:  4/4        EV: 11    Int: 10    God:
Gold:   149        SH:  0    Dex: 14    Spells: 3/3 levels left

rFire   . . .        a - +0 trident
rCold   . . .        (no shield)
rNeg    . . .        g - +0 ring mail
rPois   .            (helmet restricted)
rElec   .            i - +0 cloak
rCorr   .            f - +0 pair of gloves
SInv    .            (no boots)
Will    .....        (no amulet) Stlth
                     (no ring)
HPRegen 0.25/turn    (no ring)
MPRegen 0.09/turn

%: no passive effects
@: confused
A: hooves 1, horns 1, powered by death 1
a: no special abilities


You were on level 3 of the Dungeon.
You visited 1 branch of the dungeon, and saw 3 of its levels.

You collected 149 gold pieces.

Inventory:

Hand Weapons
 a - a +0 trident (weapon)
 b - a +0 sling
Missiles
 d - 3 throwing nets (quivered)
 e - 3 javelins
Armour
 f - a +0 pair of gloves (worn)
 g - a +0 ring mail (worn)
 i - a +0 cloak (worn)
Jewellery
 o - a ring of ice
Scrolls
 k - a scroll of enchant weapon {unknown}
 l - 2 scrolls of identify {unknown}
 m - a scroll of acquirement {unknown}
 n - a scroll of fog {unknown}
 p - a scroll of poison {unknown}
Potions
 h - a potion of curing {unknown}
 j - a potion of degeneration {unknown}
 q - a potion of invisibility {unknown}
 r - a potion of magic {unknown}


   Skills:
 + Level 3.1 Fighting
 * Level 4.3 Polearms
 - Level 1.7 Throwing
 - Level 2.6 Dodging


You had 3 spell levels left.
You didn't know any spells.
Your spell library contained the following spells:

 Spells                   Type           Power      Damage    Failure   Level
 Summon Forest            Summ/Tloc      0%         N/A       100%        5
 Summon Mana Viper        Hex/Summ       0%         N/A       100%        5
 Summon Cactus Giant      Summ           0%         N/A       100%        6


Dungeon Overview and Level Annotations

Branches:
Dungeon (3/15)

Altars:

Annotations:
D:3 Jessica


Innate Abilities, Weirdness & Mutations

You have large cloven feet.
You have a pair of small horns on your head.
You regenerate a little health from kills.


Message History

Done exploring.
Done exploring.
(D) Dungeon
Where to? (Enter - D:2, ? - help)
There is a stone staircase leading down here.
You climb downwards.
Found 6 gold pieces, a metallic white potion and a shiny helmet.
Found a stone staircase leading down.
There is a stone staircase leading up here.
You drop a +0 helmet.
Jessica the Apprentice Sorceress comes into view.
She is wielding a +0 club and carrying a wand of light (4).
Found 13 gold pieces.
Jessica shouts!
Jessica mumbles some strange words.
Jessica blinks!
You now have 149 gold pieces (gained 6).
Found 8 gold pieces.
Jessica mumbles some strange words.
Jessica blinks!
You see here a +1 helmet.
You see here a metallic white potion.
Jessica zaps a wand.
The bolt of light hits you!
You are confused.
You are too confused!
You are too confused!
You are too confused!
You are too confused!
You're too confused to aim your attacks!
Unknown command.
Jessica closely misses you.
You closely miss Jessica. Your kick misses Jessica. You headbutt Jessica.
Jessica is moderately wounded.
You feel less confused.
Jessica zaps a wand.
The bolt of light hits you!
You are confused.
You're too confused to move!
Jessica zaps a wand.
The bolt of light misses you.
You barely miss Jessica. Your headbutt misses Jessica.
Jessica is moderately wounded.
Jessica zaps a wand.
The bolt of light hits you!
You die...

#.# #### #... #.#
..$. #.#.# #.# ... .
........ ..# ...
#...#.# #..##.$.
...#.# #.........
#.###.#.###.........
#......[..@@..##....
#.###..............
#.#...........#..#
.......!........##
###..#.#.......##
#....#......##
##.###...#.<#
#..........#
#..##.#.#..#


You could see Jessica.

Vanquished Creatures
  5 adders (D:2)
  A dart slug (D:1)
  8 ball pythons
  6 bats
  3 endoplasms
  3 giant cockroaches
  4 goblins
  4 hobgoblins
  7 jackals
  5 kobolds
  A quokka (D:2)
  2 frilled lizards
  6 rats
55 creatures vanquished.

Notes
Turn   | Place    | Note
-------+----------+-------------------------------------------
     0 | D:1      | porpoise the Demonspawn Gladiator began the quest for the
                  | Orb.
     0 | D:1      | Reached XP level 1. HP: 16/16 MP: 1/1
    73 | D:1      | Reached skill level 3 in Polearms
   106 | D:1      | Discovered your monstrous ancestry.
   106 | D:1      | Gained mutation: You have large cloven feet. [demonic
                  | ancestry]
   106 | D:1      | Reached XP level 2. HP: 22/22 MP: 2/2
   216 | D:1      | Found a faded altar of an unknown god.
   396 | D:1      | Gained mutation: You regenerate a little health from kills.
                  | [demonic ancestry]
   396 | D:1      | Reached XP level 3. HP: 28/28 MP: 3/3
  1061 | D:2      | Reached skill level 4 in Polearms
  1061 | D:2      | Gained mutation: You have a pair of small horns on your
                  | head. [demonic ancestry]
  1061 | D:2      | Reached XP level 4. HP: 30/34 MP: 4/4
  1399 | D:3      | Noticed Jessica
  1418 | D:3      | Killed from afar by Jessica

Illustrated notes

Levels and vault maps discovered:
D:1:      dpeg_arrival_boxorama, layout_basic,
          dreamdust_ecumenical_altar_statues, minmay_octomino_j4
D:2:      layout_rooms, grunt_ministairs_8, kennysheep_generic_room_2
D:3:      layout_basic, serial_bayou_ford_a, minmay_splitting_lines,
          uniq_terence, uniq_jessica

Skill      XL: |  1  2  3  4 |
---------------+-------------+-----
Polearms       | 3 4 |  4.3
Fighting       | 3 |  3.1
Throwing       | |  1.7
Dodging        | |  2.6

Action                     |  1- 3 |  4- 6 || total
---------------------------+-------+-------++-------
  Melee: Trident           |   124 |    40 ||   164
         Kick              |    20 |     4 ||    24
         Headbutt          |       |     4 ||     4
   Stab: Sleeping          |     2 |       ||     2
 Armour: Ring mail         |    38 |    11 ||    49
         Leather armour    |     5 |       ||     5
  Dodge: Dodged            |    61 |    31 ||    92
